3036 views
Uploaded 2020-12-18 16:04:35
Game version 1.32.9
39:00 long 1on1 ladder game on (2)Amazonia
Saved by xzz
3036 views
Uploaded 2020-12-18 16:04:35
Game version 1.32.9
39:00 long 1on1 ladder game on (2)Amazonia

61 units @ 7.2k
/ 0k
26 buildings @ 4.5k
/ 1.1k

| Potion of Healing | 1 | 150 |
| Sacrificial Skull | 1 | 50 |
| Potion of Mana | 1 | 200 |
| Scroll of Healing | 4 | 1000 |
| Scroll of Protection | 3 | 450 |
| total: | 10 | 1850g |
| Acolyte | 3 | 225 | / | 0 |
| Ghoul | 58 | 6960 | / | 0 |
| total: | 61 | 7185g | / | 0w |
| Nerubian Tower | 5 | 500 | / | 100 |
| Spirit Tower | 5 | 725 | / | 200 |
| Crypt | 6 | 1200 | / | 300 |
| Ziggurat | 11 | 1650 | / | 550 |
| Altar of Darkness | 1 | 180 | / | 50 |
| Tomb of Relics | 2 | 260 | / | 60 |
| Graveyard | 4 | 860 | / | 0 |
| Necropolis | 1 | 225 | / | 0 |
| Sacrificial Pit | 1 | 75 | / | 150 |
| Halls of the Dead | 2 | 640 | / | 420 |
| Black Citadel | 2 | 650 | / | 460 |
| total: | 26 | 4450g | / | 1110w |
| 0:05 | Acolyte |
| 0:05 | Acolyte |
| 0:10 | Crypt |
| 0:16 | Ziggurat |
| 0:34 | Altar of Darkness |
| 0:57 | Crypt |
| 1:12 | Ghoul |
| 1:29 | Ghoul |
| 1:46 | Ziggurat |
| 1:49 | Ghoul |
| 2:00 | Ghoul |
| 2:34 | Ziggurat |
| 2:40 | Ghoul |
| 2:48 | Unholy Aura |
| 2:58 | Ghoul |
| 3:04 | Ghoul |
| 3:29 | Ghoul |
| 3:48 | Ghoul |
| 4:49 | Ghoul |
| 4:49 | Ghoul |
| 5:08 | Death Coil |
| 5:24 | Ghoul |
| 5:24 | Ghoul |
| 5:48 | Ghoul |
| 6:20 | Ghoul |
| 6:37 | Ziggurat |
| 6:42 | Cannibalize |
| 6:42 | Ghoul |
| 7:40 | Ghoul |
| 7:40 | Ghoul |
| 8:11 | Unholy Aura |
| 8:17 | Halls of the Dead |
| 8:20 | Ghoul |
| 8:29 | Ghoul |
| 8:44 | Ghoul |
| 8:59 | Ghoul |
| 9:21 | Tomb of Relics |
| 9:23 | Ghoul |
| 9:27 | Ghoul |
| 10:39 | Ghoul |
| 10:58 | Black Citadel |
| 11:02 | Ghoul |
| 11:13 | Ghoul |
| 11:29 | Ghoul |
| 11:38 | Ghoul |
| 11:52 | Ghoul |
| 12:07 | Ghoul |
| 12:11 | Potion of Healing |
| 12:22 | Ghoul |
| 12:38 | Ghoul |
| 12:48 | Ghoul |
| 13:21 | Death Coil |
| 13:37 | Graveyard |
| 13:40 | Graveyard |
| 13:57 | Ghoul |
| 14:14 | Nerubian Tower |
| 14:22 | Graveyard |
| 14:49 | Ghoul |
| 14:57 | Scroll of Healing |
| 15:07 | Ghoul Frenzy |
| 15:12 | Ghoul |
| 15:26 | Ghoul |
| 16:26 | Nerubian Tower |
| 16:27 | Ghoul |
| 16:38 | Crypt |
| 16:49 | Sacrificial Skull |
| 16:53 | Acolyte |
| 17:08 | Ghoul |
| 18:11 | Ghoul |
| 18:21 | Spirit Tower |
| 18:27 | Ghoul |
| 18:58 | Ghoul |
| 19:00 | Ghoul |
| 19:01 | Ghoul |
| 19:14 | Ghoul |
| 19:30 | Ghoul |
| 20:03 | Ghoul |
| 20:29 | Unholy Aura |
| 20:36 | Ziggurat |
| 21:29 | Ghoul |
| 21:31 | Nerubian Tower |
| 21:38 | Ziggurat |
| 22:33 | Spirit Tower |
| 22:36 | Ziggurat |
| 22:51 | Animate Dead |
| 22:58 | Ziggurat |
| 23:13 | Ziggurat |
| 23:24 | Ziggurat |
| 23:36 | Spirit Tower |
| 23:50 | Nerubian Tower |
| 24:09 | Necropolis |
| 24:26 | Spirit Tower |
| 24:33 | Nerubian Tower |
| 24:59 | Ziggurat |
| 25:07 | Unholy Armor |
| 25:14 | Ghoul |
| 25:24 | Ghoul |
| 25:40 | Ghoul |
| 26:03 | Scroll of Healing |
| 26:16 | Spirit Tower |
| 26:44 | Scroll of Healing |
| 26:53 | Scroll of Protection |
| 27:11 | Unholy Strength |
| 27:24 | Graveyard |
| 27:49 | Ghoul |
| 28:14 | Halls of the Dead |
| 28:42 | Improved Unholy Armor |
| 31:12 | Ghoul |
| 31:30 | Advanced Unholy Armor |
| 31:31 | Improved Unholy Strength |
| 31:37 | Stone Form |
| 31:39 | Ghoul |
| 31:45 | Crypt |
| 31:47 | Crypt |
| 31:48 | Crypt |
| 32:08 | Ghoul |
| 33:32 | Scroll of Protection |
| 33:32 | Scroll of Healing |
| 33:52 | Black Citadel |
| 35:31 | Tomb of Relics |
| 35:43 | Ghoul |
| 35:46 | Ghoul |
| 35:49 | Potion of Mana |
| 36:05 | Scroll of Protection |
| 36:10 | Advanced Unholy Strength |
| 36:25 | Sacrificial Pit |
| Right click | 1479 |
| Select | 676 |
| Select group | 150 |
| Build/train/purchase | 127 |
| Assign group | 63 |
| Use ability | 24 |
| Misc. action | 17 |
| Item give/drop | 3 |
| Remove unit | 2 |
| Esc | 1 |
73 units @ 5.7k
/ 0.2k
12 buildings @ 2k
/ 0.7k

x1)
| Potion of Mana | 1 | 200 |
| Lesser Clarity Potion | 3 | 210 |
| Tome of Retraining | 1 | 300 |
| Boots of Speed | 1 | 250 |
| total: | 6 | 960g |
| Wisp | 54 | 3240 | / | 0 |
| Archer | 19 | 2470 | / | 190 |
| total: | 73 | 5710g | / | 190w |
| Altar of Elders | 1 | 180 | / | 50 |
| Ancient of War | 1 | 150 | / | 60 |
| Moon Well | 3 | 540 | / | 120 |
| Hunter's Hall | 2 | 420 | / | 200 |
| Ancient of Wonders | 4 | 360 | / | 120 |
| Tree of Life | 1 | 340 | / | 185 |
| Tree of Ages | 1 | 320 | / | 180 |
| total: | 12 | 1990g | / | 735w |
| 0:02 | Wisp |
| 0:02 | Wisp |
| 0:09 | Altar of Elders |
| 0:13 | Ancient of War |
| 0:22 | Moon Well |
| 0:31 | Wisp |
| 0:31 | Wisp |
| 0:31 | Wisp |
| 0:31 | Wisp |
| 0:31 | Wisp |
| 0:32 | Wisp |
| 0:42 | Wisp |
| 0:49 | Wisp |
| 1:05 | Wisp |
| 1:16 | Wisp |
| 1:17 | Archer |
| 1:17 | Archer |
| 1:17 | Archer |
| 1:17 | Archer |
| 1:17 | Archer |
| 1:17 | Archer |
| 1:21 | Wisp |
| 1:38 | Moon Well |
| 2:07 | Wisp |
| 2:11 | Mana Burn |
| 2:41 | Tree of Ages |
| 3:11 | Moon Well |
| 3:18 | Evasion |
| 3:25 | Hunter's Hall |
| 3:28 | Archer |
| 3:29 | Archer |
| 3:29 | Archer |
| 3:43 | Archer |
| 4:11 | Hunter's Hall |
| 4:37 | Archer |
| 5:16 | Evasion |
| 5:43 | Wisp |
| 5:43 | Wisp |
| 5:43 | Wisp |
| 6:28 | Wisp |
| 6:40 | Wisp |
| 6:52 | Archer |
| 7:31 | Mana Burn |
| 7:43 | Wisp |
| 7:43 | Wisp |
| 8:01 | Wisp |
| 8:02 | Wisp |
| 8:08 | Wisp |
| 8:20 | Wisp |
| 9:14 | Wisp |
| 9:15 | Wisp |
| 9:17 | Archer |
| 9:33 | Tome of Retraining |
| 9:33 | Retrain Hero |
| 9:37 | Archer |
| 9:47 | Immolation |
| 9:47 | Immolation |
| 9:48 | Evasion |
| 10:12 | Immolation |
| 10:30 | Wisp |
| 11:00 | Wisp |
| 11:00 | Wisp |
| 11:00 | Wisp |
| 11:00 | Wisp |
| 11:00 | Wisp |
| 11:36 | Ancient of Wonders |
| 12:04 | Wisp |
| 12:06 | Wisp |
| 12:18 | Ancient of Wonders |
| 12:33 | Archer |
| 12:40 | Wisp |
| 13:05 | Archer |
| 13:19 | Potion of Mana |
| 13:26 | Metamorphosis |
| 13:57 | Wisp |
| 14:44 | Wisp |
| 14:51 | Lesser Clarity Potion |
| 14:51 | Lesser Clarity Potion |
| 15:06 | Archer |
| 15:11 | Ancient of Wonders |
| 15:13 | Archer |
| 15:36 | Archer |
| 16:28 | Wisp |
| 16:28 | Wisp |
| 16:28 | Wisp |
| 16:29 | Wisp |
| 16:48 | Boots of Speed |
| 17:53 | Evasion |
| 18:14 | Wisp |
| 18:14 | Wisp |
| 18:59 | Wisp |
| 19:17 | Ancient of Wonders |
| 19:26 | Wisp |
| 19:46 | Wisp |
| 19:46 | Wisp |
| 19:51 | Lesser Clarity Potion |
| 20:23 | Wisp |
| 20:24 | Wisp |
| 20:25 | Wisp |
| 21:30 | Tree of Life |
| 21:36 | Wisp |
| 21:36 | Wisp |
| 21:37 | Wisp |
| Right click | 853 |
| Select | 559 |
| Build/train/purchase | 139 |
| Use ability | 43 |
| Misc. action | 31 |
| Minimap ping | 11 |
| Esc | 9 |
| Chat | 4 |
| Assign group | 1 |
| Select group | 1 |